 Dungeon Crawl Stone Soup version 0.23.2-30-g0e89c35649 (webtiles) character file.

Game seed: 17650987995355416400

178 discombobulate the Ruffian (level 5, -1/48 HPs)
             Began as a Troll Wizard on June 13, 2019.
             Slain by a killer bee (3 damage)
             ... on level 2 of the Dungeon.
             The game lasted 00:02:07 (772 turns).

discombobulate the Ruffian (Troll Wizard)            Turns: 772, Time: 00:02:08

Health: -1/48      AC:  6    Str: 15    XL:     5   Next: 32%
Magic:  7/7        EV:  9    Int: 15    God:
Gold:   87         SH:  0    Dex:  8    Spells: 2/8 levels left

rFire    . . .     SeeInvis .     - Unarmed
rCold    . . .     Gourm    +   (no shield)
rNeg     . . .     Faith    .   a - +0 robe
rPois    .         Spirit   .   b - +0 hat
rElec    .         Reflect  .   (no cloak)
rCorr    .         Harm     .   (gloves unavailable)
MR       .....                  (boots unavailable)
Stlth    +.........             (no amulet)
HPRegen  0.56/turn              (no ring)
MPRegen  0.10/turn              (no ring)

@: lethally poisoned (-1 -> -1)
A: large, unfitting armour, claws 3, fast metabolism 3, gourmand, regeneration
1, shaggy fur 1, tough skin 3
a: no special abilities


You were on level 2 of the Dungeon.
You were very full.

You visited 1 branch of the dungeon, and saw 2 of its levels.

You collected 87 gold pieces.

Inventory:

Armour
 a - a +0 robe (worn)
 b - a +0 hat (worn)
Potions
 c - a potion of flight
Comestibles
 d - 2 rations
 f - 2 chunks of flesh


   Skills:
 + Level 1.5 Fighting
 - Level 1.5 Dodging
 - Level 1.0 Stealth
 + Level 4.6 Unarmed Combat
 - Level 2.0 Spellcasting
 - Level 0.6 Conjurations
   Level 0.6 Summonings
 - Level 0.6 Translocations


You had 2 spell levels left.
You knew the following spells:

 Your Spells              Type           Power        Failure   Level  Hunger
a - Magic Dart            Conj           #...         17%         1    #......
b - Blink                 Tloc           N/A          26%         2    ###....
c - Conjure Flame         Conj/Fire      #.......     52%         3    ###....

Your spell library contained the following spells:

 Spells                   Type           Power        Failure   Level  Hunger
 Call Imp                 Summ           #.......     26%         2    ###....
 Slow                     Hex            #.......     32%         2    ###....
 Mephitic Cloud           Conj/Pois/Air  #.......     52%         3    ###....


Dungeon Overview and Level Annotations

Branches:
Dungeon (2/15)

Altars:


Innate Abilities, Weirdness & Mutations

You are too large for most types of armour.
You have claws for hands.
Your metabolism is lightning-fast.
You like to eat raw meat.
Your natural rate of healing is unusually fast.
You are covered in fur. (AC +1)
You have extremely tough skin. (AC +3)


Message History

The killer bee stings you but does no damage.
The killer bee stings you.
* * * LOW HITPOINT WARNING * * *
You closely miss the killer bee. The killer bee stings you.
* * * LOW HITPOINT WARNING * * *
The killer bee stings you but does no damage.
You barely miss the killer bee.
The killer bee stings you but does no damage.
You hit the killer bee.
The killer bee is moderately wounded.
You feel sick.
The killer bee stings you but does no damage.
The killer bee stings you.
* * * LOW HITPOINT WARNING * * *
You smack the killer bee!
You punch the killer bee.
The killer bee is almost dead.
You feel less wooden.
Your +0 hat unmelds from your body.
Your +0 robe unmelds from your body.
The killer bee stings you.
You die...

#. #. #. ## #. ... #. ...
#### #. # .. ..####### #.
#...#g####........ #.
#$...gy@....# #.
#...#w#####รท###########.
? .. #............. #.
############## #


You could see a worm, a killer bee, a hobgoblin and a goblin.

Vanquished Creatures
  3 killer bees (D:2)
  An adder (D:2)
  2 dart slugs
  A leopard gecko (D:1)
  6 bats (D:1)
  4 hobgoblins (D:1)
  3 kobolds (D:1)
  A quokka (D:2)
  5 goblins
  6 rats (D:1)
32 creatures vanquished.

Notes
Turn   | Place    | Note
-------+----------+-------------------------------------------
     0 | D:1      | discombobulate the Troll Wizard began the quest for the
                  | Orb.
     0 | D:1      | Reached XP level 1. HP: 16/16 MP: 2/2
    33 | D:1      | Reached skill level 1 in Unarmed Combat
   109 | D:1      | Reached XP level 2. HP: 26/26 MP: 4/4
   280 | D:1      | Reached skill level 2 in Unarmed Combat
   433 | D:1      | Reached skill level 1 in Fighting
   433 | D:1      | Reached XP level 3. HP: 33/33 MP: 5/5
   437 | D:1      | Learned a level 2 spell: Blink
   441 | D:1      | Learned a level 3 spell: Conjure Flame
   734 | D:2      | Noticed a killer bee
   735 | D:2      | Noticed a killer bee
   736 | D:2      | Noticed a killer bee
   737 | D:2      | Noticed a killer bee
   752 | D:2      | Killed a killer bee
   752 | D:2      | Reached skill level 3 in Unarmed Combat
   752 | D:2      | Reached XP level 4. HP: 10/41 MP: 6/6
   755 | D:2      | Reached skill level 4 in Unarmed Combat
   762 | D:2      | HP: 3/61 [killer bee (4)]
   764 | D:2      | Reached XP level 5. HP: 4/48 MP: 7/7
   769 | D:2      | HP: 3/72 [killer bee (3)]
   772 | D:2      | Slain by a killer bee

Skill      XL: |  1  2  3  4 |
---------------+-------------+-----
Unarmed Combat | 1 2 3 4 |  4.6
Fighting       | 1 |  1.5
Dodging        | |  1.5
Stealth        | |  1.0
Spellcasting   | |  2.0
Conjurations   | |  0.6
Summonings     | |  0.6
Translocations | |  0.6

Action                   |  1- 3 |  4- 6 || total
-------------------------+-------+-------++-------
Melee: Unarmed           |    87 |    20 ||   107
       Punch             |       |     1 ||     1
  Use: Scroll            |     2 |       ||     2
       Potion            |     1 |       ||     1
 Stab: Sleeping          |     1 |       ||     1
  Eat: Chunk             |    12 |       ||    12
Armor: Robe              |    28 |       ||    28
       Skin              |    15 |    23 ||    38
Dodge: Dodged            |    34 |       ||    34
